AoeStats
← Commander-Maximus

Arabia

510475221Analyzed
1v1 RM · 2d ago on Oct 1, 2026· 40m 4s· 2 players
Game mode
Random Map
Map size
Tiny (2 player)
Population
200
Speed
Normal
Resources
Standard
Victory
Conquest
Starting age
Dark Age
Ending age
Imperial Age
RankedLock teamsTeams togetherTeam positionsShared explorationLock speedFull tech treeHidden civsTurbo modeCheats
Victory
Defeat
🇩🇪 Britons · Germany
1108
+16
🇨🇦 Dravidians · Canada
1108
-16
Commander-Maximus
5:12 Loom
9:51 Feudal Age
10:28 Double-Bit Axe
13:18 Horse Collar
15:08 Padded Archer Armor
15:24 Fletching
22:03 Castle Age
22:57 Bodkin Arrow
22:25 Elite Skirmisher
25:54 Bow Saw
26:45 Wheelbarrow
26:56 Leather Archer Armor
30:53 Ballistics
34:51 Imperial Age
33:18 Light Cavalry
35:28 Scale Barding Armor
35:34 Forging
37:27 Two-Man Saw
37:01 Husbandry
38:37 Ring Archer Armor
fleurs-de-lis
6:27 Loom
9:05 Feudal Age
12:19 Double-Bit Axe
14:07 Fletching
15:45 Horse Collar
16:29 Padded Archer Armor
18:50 Wheelbarrow
19:11 Wheelbarrow
22:45 Castle Age
23:53 Bow Saw
23:13 Crossbowman
23:54 Gold Mining
25:02 Bodkin Arrow
25:59 Gold Shaft Mining
25:31 Town Watch
26:09 Leather Archer Armor
27:57 Ballistics
33:20 Imperial Age
31:14 Light Cavalry
32:22 Hand Cart
32:11 Town Patrol
34:09 Bracer
34:35 Arbalester
36:32 Ring Archer Armor
37:20 Chemistry
36:52 Stone Mining
38:32 Conscription
39:39 Masonry
39:48 Scale Barding Armor
Connection lost

Rejoining the realm…

Still unreachable

The connection could not be restored.

Session expired

The server has moved on; the page needs a fresh start.